 Dungeon Crawl Stone Soup version 0.31-a0-799-g6bc09d010c (webtiles) character file.

Game seed: 16570055107527447127

2207 rddays123 the Fighter (level 9, -1/76 (81) HPs)
             Began as a Minotaur Fighter on Sept 19, 2023.
             Was a Believer of Okawaru.
             Killed from afar by an orc wizard (7 damage)
             ... with a magic dart
             ... on level 7 of the Dungeon.
             The game lasted 00:14:37 (6356 turns).

rddays123 the Fighter (Minotaur Fighter)            Turns: 6356, Time: 00:14:38

HP:   -1/76 (81)    AC: 12    Str: 24    XL:     9   Next: 13%
MP:   11/11         EV: 26    Int:  5    God:    Okawaru [**....]
Gold: 108           SH:  0    Dex: 11    Spells: 8/8 levels left

rFire   . . .        A - +1 broad axe
rCold   . . .        c - +0 buckler
rNeg    + . .        b - +0 scale mail
rPois   .            (helmet restricted)
rElec   .            l - +0 cloak
rCorr   .            E - +0 pair of gloves
SInv    .            (no boots)
Will    .....        k - amulet of the acrobat Stlth
                     y - ring of flight
HPRegen 0.32/turn    u - ring of positive energy
MPRegen 0.12/turn

%: acrobat
@: confused, heroic, acrobatic, flying, drained
A: horns 2, retaliatory headbutt
a: Renounce Religion, Heroism


You were on level 7 of the Dungeon.
You worshipped Okawaru.
Okawaru was pleased with you.
You visited 2 branches of the dungeon, and saw 8 of its levels.

You collected 240 gold pieces.
You spent 132 gold pieces at shops.

Inventory:

Hand Weapons
 a - a +1 war axe
 A - a +1 broad axe (weapon)
 B - a +0 whip of flaming
Armour
 b - a +0 scale mail (worn)
 c - a +0 buckler (worn)
 l - a +0 cloak (worn)
 E - a +0 pair of gloves (worn)
Jewellery
 i - an amulet of magic regeneration
 k - an amulet of the acrobat (around neck)
 u - a ring of positive energy (right hand)
 y - a ring of flight (left hand)
 D - a ring of wizardry
Wands
 g - a wand of paralysis (6)
 o - a wand of flame (55)
Scrolls
 f - 2 scrolls of fear
 h - 2 scrolls of revelation
 j - a scroll of enchant armour
 m - 2 scrolls of amnesia
 n - a scroll of blinking {unknown}
 r - 2 scrolls of immolation
 t - 2 scrolls of noise
 v - a scroll of vulnerability {unknown}
 w - a scroll of teleportation {unknown}
 x - a scroll of poison {unknown}
 C - 2 scrolls of identify
Potions
 d - a potion of might
 e - 2 potions of enlightenment
 q - 3 potions of degeneration
 s - 2 potions of haste
 z - a potion of lignification


   Skills:
 + Level 8.3(13.3) Fighting
 + Level 7.8(12.8) Axes
 + Level 8.2(13.2) Armour
 - Level 5.5(10.5) Shields
 + Level 4.2 Invocations


You had 8 spell levels left.
You didn't know any spells.
Your spell library contained the following spells:

 Spells                   Type           Power      Damage    Failure   Level
 Apportation              Tloc           0%         N/A       75%         1
 Necrotise                Necr           0%         1d4       75%         1
 Sandblast                Erth           0%         2d4       75%         1
 Sting                    Tmut/Pois      0%         1d3       75%         1
 Ensorcelled Hibernation  Hex/Ice        0%         N/A       87%         2
 Jinxbite                 Hex            0%         N/A       87%         2
 Passwall                 Tmut/Erth      0%         N/A       87%         2
 Poisonous Vapours        Pois/Air       0%         N/A       87%         2
 Sublimation of Blood     Necr           0%         N/A       87%         2
 Mephitic Cloud           Conj/Pois/Air  0%         N/A       98%         3
 Stone Arrow              Conj/Erth      0%         3d7       98%         3
 Anguish                  Hex/Necr       0%         N/A       100%        4
 Brom's Barrelling Bould  Conj/Erth      0%         2d3       100%        4
 Olgreb's Toxic Radiance  Pois           0%         N/A       100%        4
 Petrify                  Tmut/Erth      0%         N/A       100%        4
 Freezing Cloud           Conj/Ice/Air   0%         6-21      100%        5
 Irradiate                Conj/Tmut      0%         3d11      100%        5
 Summon Small Mammal      Summ           Unusable   N/A       N/A         1

Dungeon Overview and Level Annotations

Branches:
Dungeon (7/15)             Temple (1/1) D:5

Altars:
Ashenzari
Cheibriados
Dithmenos
Elyvilon
Fedhas
Gozag
Nemelex Xobeh
Okawaru
Qazlal
Ru
Sif Muna
Trog
Uskayaw
Vehumet
Zin
The Shining One

Shops:
D:6 [:(((

Annotations:
D:6 Jeremiah


Innate Abilities, Weirdness & Mutations

You have a pair of horns on your head.
You reflexively headbutt those who attack you in melee.


Message History

The orc wizard hits you but does no damage.
You are lethally poisoned!
You are confused.
You feel invigorated.
* * * LOW HITPOINT WARNING * * *
You feel very sick. Something hits you but does no damage.
You partially resist. The orc wizard closely misses you.
* * * LOW HITPOINT WARNING * * *
You feel very sick.
You feel less invigorated.
You feel less confused.
* * * LOW HITPOINT WARNING * * *
You feel very sick.
There is an open door here.
You feel very sick.
You feel sick. The orc wizard casts a spell at you.
You feel sick.
You feel sick.
You feel sick.
You feel sick.
You feel sick.
You feel sick. The orc wizard casts a spell at you.
You are confused.
You feel sick.
You are no longer poisoned.
The orc wizard casts a spell at you.
You are more confused.
Okay, then.
Okay, then.
You are too confused!
The orc wizard gestures at you while chanting.
You easily resist.
The orc wizard casts a spell at you.
Found a ring mail.
A magic dart appears from out of thin air!
The magic dart hits you!
You die...

############...)......###....
.........###.##### #....
.........<.#.# #####
...........#.###########
[..........#............
..........##............
..........##............
..........##.#######....
.......@.{...# #....
.............##### #....
.................# #....
#....###....o....# #....
#.... #.........# #.... #...
#.........###.... #..
#.........'.'.... #..
#.........###.).. #.........#
#####


You could see an orc wizard.

Vanquished Creatures
  Pikel (D:5)
  3 black bears
  A sky beast (D:7)
  3 ice beasts
  An ogre (D:6)
  3 lemures (D:6)
  A phantom (D:4)
  A bullfrog (D:7)
  2 scorpions
  4 orc priests
  3 hounds
  3 jellies
  3 iguanas
  4 orc wizards
  13 adders
  5 gnolls
  2 shadow imps (D:7)
  2 white imps
  2 ufetubi
  A worm (D:3)
  A dart slug (D:1)
  17 orcs
  3 bats
  7 endoplasms
  3 giant cockroaches
  4 goblins
  6 hobgoblins
  3 quokkas
  11 ball pythons
  5 frilled lizards
  6 kobolds
  A rat (D:1)
125 creatures vanquished.

Notes
Turn   | Place    | Note
-------+----------+-------------------------------------------
     0 | D:1      | rddays123 the Minotaur Fighter began the quest for the Orb.
     0 | D:1      | Reached XP level 1. HP: 19/19 MP: 0/0
   253 | D:1      | Reached XP level 2. HP: 27/27 MP: 1/1
   603 | D:1      | Reached XP level 3. HP: 33/33 MP: 2/2
  1047 | D:2      | Reached XP level 4. HP: 41/41 MP: 3/3
  2061 | D:3      | Reached XP level 5. HP: 47/47 MP: 4/4
  2071 | D:3      | Found a bloodstained altar of Trog.
  2786 | D:4      | Reached skill level 5 in Fighting
  2786 | D:4      | Reached skill level 5 in Armour
  2786 | D:4      | Reached skill level 5 in Shields
  2905 | D:4      | Reached XP level 6. HP: 33/56 MP: 5/5
  3593 | D:5      | Entered Level 5 of the Dungeon
  3778 | D:5      | Noticed an ice beast
  3787 | D:5      | Killed an ice beast
  3788 | D:5      | Reached skill level 5 in Axes
  3788 | D:5      | Reached XP level 7. HP: 48/62 MP: 6/6
  4004 | D:5      | Found a staircase to the Ecumenical Temple.
  4030 | Temple   | Entered the Ecumenical Temple
  4054 | Temple   | Became a worshipper of Warmaster Okawaru
  4252 | D:6      | Found Elupiqum's Book Emporium.
  4300 | D:6      | Found Efryrgh's Antique Weapon Emporium.
  4387 | D:6      | Found Osmiyghuave's Antique Weapon Shoppe.
  4434 | D:6      | Reached skill level 1 in Invocations
  4585 | D:6      | Found Qefaigeh's Antique Weapon Shoppe.
  4588 | D:6      | Bought a broad axe for 132 gold pieces
  4659 | D:6      | Reached XP level 8. HP: 42/71 MP: 8/8
  4726 | D:6      | Noticed Pikel
  4744 | D:5      | Killed Pikel
  4744 | D:5      | Reached * piety under Okawaru
  4855 | D:6      | Found a broken altar of Ashenzari.
  4965 | D:6      | Found Zimec's Antique Armour Shoppe.
  5051 | D:6      | Noticed Jeremiah
  5513 | D:6      | Found a broken altar of Ashenzari.
  5579 | D:7      | Reached ** piety under Okawaru
  5584 | D:7      | Reached XP level 9. HP: 81/81 MP: 9/11
  6356 | D:7      | Killed from afar by an orc wizard

Illustrated notes

Levels and vault maps discovered:
D:1:      psy_arrival_conway, layout_loops_corners, skrybe_limestone_x
D:2:      layout_basic, minmay_liquid_box, nrook_uturn, kennysheep_minor_cross
D:3:      layout_loops_cross, lemuel_crystal_altar
D:4:      layout_loops_ring
D:5:      layout_loops_ring, minmay_temple_entry_junction_2
D:6:      layout_loops_cross, cheibrodos_ashenzari_chains, serial_shops,
          nicolae_shop_just_a_little_nook, nicolae_shop_advertising_works
          [nicolae_subvault_shop_adworks], kennysheep_mini_moat, shop,
          nicolae_shop_trees, kennysheep_diamond, uniq_pikel, uniq_jeremiah
D:7:      layout_basic, nicolae_shop_i_like_small_books_too
Temple:   nicolae_temple_two_arcs

Skill      XL: |  1  2  3  4  5  6  7  8 |
---------------+-------------------------+-----
Fighting       | 4 5 6 8 |  8.3
Shields        | 4 5 |  5.5
Armour         | 4 5 6 8 |  8.2
Axes           | 3 4 5 6 7 |  7.8
Invocations    | 1 4 |  4.2

Action                     |  1- 3 |  4- 6 |  7- 9 || total
---------------------------+-------+-------+-------++-------
  Melee: War axe           |    62 |   132 |    60 ||   254
         Headbutt          |     2 |    24 |    28 ||    54
         Broad axe         |       |       |   109 ||   109
 Invoke: Heroism           |       |       |     1 ||     1
    Use: Scroll            |       |     7 |     6 ||    13
         Potion            |       |       |     1 ||     1
 Armour: Scale mail        |    45 |    93 |   145 ||   283
  Dodge: Dodged            |    35 |    63 |    58 ||   156
  Block: Buckler           |    14 |    34 |    28 ||    76

Table legend: (Time is in decaauts)
 A = Elapsed time spent in this place.
 B = Non-inter-level travel time spent in this place.
 C = Inter-level travel time spent in this place.
 D = Time resting spent in this place.
 E = Time spent auto-exploring this place.
 F = Levels seen in this place.
 G = Mean time per level.
                   A        B        C        D        E       F      G
               +--------+--------+--------+--------+--------+-----+--------+
         Total |   6478 |   6123 |    355 |    598 |   4135 |   8 |  809.8 |
       Dungeon |   6445 |   6090 |    355 |    598 |   4135 |   7 |  920.7 |
        Temple |     32 |     32 |      0 |      0 |      0 |   1 |   32.0 |
               +--------+--------+--------+--------+--------+-----+--------+

Top non-repeatable levels by time:
     D:6: 1323 daAuts
     D:1: 1049 daAuts
     D:2: 1001 daAuts
     D:4: 987 daAuts
     D:5: 821 daAuts
     D:3: 757 daAuts
     D:7: 505 daAuts
  Temple: 32 daAuts
